 Dungeon Crawl Stone Soup version 0.28.0 (webtiles) character file.

Game seed: 5952645977330074470

66 Banjoman64 the Skirmisher (level 3, -1/31 HPs)
             Began as a Palentonga Fighter on Feb 11, 2022.
             Slain by a gnoll (3 damage)
             ... on level 2 of the Dungeon.
             The game lasted 00:04:39 (1550 turns).

Banjoman64 the Skirmisher (Palentonga Fighter)      Turns: 1550, Time: 00:04:40

Health: -1/31      AC:  6    Str: 21    XL:     3   Next: 96%
Magic:  3/3        EV:  7    Int:  8    God:
Gold:   61         SH:  4    Dex:  9    Spells: 2/2 levels left

rFire   . . .      SeeInvis +   a - +0 flail
rCold   . . .      Faith    .   c - +0 buckler
rNeg    . . .      Spirit   .   b - +0 scale mail
rPois   .          Reflect  .   (no helmet)
rElec   .          Harm     .   (no cloak)
rCorr   .          Rampage  .   (no gloves)
Will    .....                   (no barding)
Stlth   ..........              (no amulet)
HPRegen 0.10/turn               (no ring)
MPRegen 0.08/turn               (no ring)

@: mighty
A: large, rugged brown scales 3, see invisible, deformed body, roll 1, armoured
tail
a: Rolling Charge


You were on level 2 of the Dungeon.
You visited 1 branch of the dungeon, and saw 2 of its levels.

You collected 61 gold pieces.

Inventory:

Hand Weapons
 a - a +0 flail (weapon)
Armour
 b - a +0 scale mail (worn)
 c - a +0 buckler (worn)
Scrolls
 e - a scroll of summoning {unknown}
 g - a scroll of vulnerability {unknown}
 h - a scroll of enchant armour {unknown}
Potions
 d - a potion of might
 f - a potion of berserk rage {unknown}


   Skills:
 + Level 3.4 Fighting
 + Level 2.5 Maces & Flails
 + Level 3.0 Armour
 + Level 0.2 Dodging
 + Level 2.8 Shields


You had 2 spell levels left.
You didn't know any spells.
Your spell library was empty.

Dungeon Overview and Level Annotations

Branches:
Dungeon (2/15)

Altars:


Innate Abilities, Weirdness & Mutations

You are completely covered in rugged brown scales. (AC +3, +7% HP)
You have supernaturally acute eyesight. (SInv)
Armour fits poorly on your strangely shaped body.
You can roll at nearby foes to attack.
You have a long armoured tail.


Message History

The hobgoblin is moderately wounded.
The gnoll barely misses you.
A gnoll comes into view. It is wielding a +0 flail.
You block the hobgoblin's attack.
You feel very mighty all of a sudden.
The gnoll shouts!
The gnoll hits you with a +0 club!
The hobgoblin hits you but does no damage.
A gnoll comes into view. It is wielding a +0 whip.
You barely miss the gnoll. The gnoll hits you with a +0 club.
A gnoll comes into view. It is wielding a +0 flail.
The hobgoblin hits you.
* * * LOW HITPOINT WARNING * * *
You closely miss the gnoll.
The gnoll shouts!
The hobgoblin hits you.
* * * LOW HITPOINT WARNING * * *
A dart slug comes into view.
You block the gnoll's attack. The hobgoblin barely misses you.
You sock the gnoll!
The gnoll is severely wounded.
The gnoll hits you with a +0 club.
* * * LOW HITPOINT WARNING * * *
The hobgoblin barely misses you.
You thump the gnoll!
You kill the gnoll!
You block the gnoll's attack. You block the hobgoblin's attack.
The dart slug briefly extends its eye-stalks.
A goblin comes into view. It is wielding a +0 club.
Found 13 stones.
Found 11 arrows.
An adder comes into view.
Found a stone staircase leading down.
The adder hisses angrily.
The adder moves out of view.
The hobgoblin barely misses you. The gnoll hits you with a +0 whip.
* * * LOW HITPOINT WARNING * * *
The gnoll hits you with a +0 flail.
You die...

####...# #......#
......### .......
..>.. ..(...
...#####.....
#.S......... #@####
#...#.. #####gg..#
#...# .... #....gg..#
#...# ...
#.......g###...####.#
#...................##
#.....................
###.......##...##.....
#........#...###....
#........#......g...


You could see 3 gnolls, an adder, a hobgoblin and a goblin.

Vanquished Creatures
  A gnoll (D:2)
  2 adders (D:2)
  A worm (D:2)
  A dart slug (D:2)
  2 bats (D:2)
  3 endoplasms
  4 giant cockroaches
  3 goblins
  3 hobgoblins (D:1)
  A kobold (D:2)
  A quokka (D:2)
  6 ball pythons (D:1)
  A frilled lizard (D:2)
  2 rats (D:1)
31 creatures vanquished.

Notes
Turn   | Place    | Note
-------+----------+-------------------------------------------
     0 | D:1      | Banjoman64 the Palentonga Fighter began the quest for the
                  | Orb.
     0 | D:1      | Reached XP level 1. HP: 19/19 MP: 1/1
   158 | D:1      | Reached XP level 2. HP: 14/25 MP: 2/2
   955 | D:2      | Reached XP level 3. HP: 15/31 MP: 3/3
  1550 | D:2      | Slain by a gnoll

Illustrated notes

Levels and vault maps discovered:
D:1:      eino_arrival_water_star, layout_basic, minmay_shallow_snake_nest
D:2:      layout_basic, kennysheep_minor_cross, kennysheep_generic_room_10

Skill      XL: |  1  2  3 |
---------------+----------+-----
Armour         | 3 |  3.0
Fighting       | |  3.4
Maces & Flails | |  2.5
Dodging        | |  0.2
Shields        | |  2.8

Action                   || total
-------------------------++-------
Melee: Flail             ||   115
       Tailslap          ||    11
  Use: Potion            ||     1
Armor: Scale mail        ||    56
Dodge: Dodged            ||    42
Block: Buckler           ||    27
